 Dungeon Crawl Stone Soup version 0.16-a0-3668-g5d42bd4 (webtiles) character file.

40175 ketsa the Thaumaturge (level 13, -1/64 HPs)
             Began as a Deep Elf Fire Elementalist on Jan 16, 2015.
             Was a High Priest of Vehumet.
             Slain by a death yak (22 damage)
             ... on level 6 of the Lair of Beasts on Jan 17, 2015.
             The game lasted 02:52:29 (27108 turns).

ketsa the Thaumaturge (Deep Elf Fire Elementalist) Turns: 27108, Time: 02:52:29

Health: -1/64      AC: 11    Str:  5    XL:     13   Next: 73%
Magic:  20/37      EV: 23    Int: 26    God:    Vehumet [*****.]
Gold:   1337       SH:  0    Dex: 15    Spells: 11 memorised, 5 levels left

rFire  + + .     SeeInvis .     v - staff of fire
rCold  + . .     Clarity  .     s - +2 robe {rC+ rF+}
rNeg   . . .     SustAb   .     (no shield)
rPois  .         Gourm    +     x - +2 helmet
rElec  .         Spirit   .     (no cloak)
rCorr  .         Warding  .     (no gloves)
rMut   .         Stasis   .     X - +1 pair of boots
MR     +....                    Q - amulet of the gourmand
Stlth  ++........               d - +5 ring of evasion
                                q - +2 ring of protection

@: somewhat resistant to hostile enchantments, unstealthy
A: no striking features
a: Renounce Religion


You were on level 6 of the Lair of Beasts.
You worshipped Vehumet.
Vehumet was extremely pleased with you.
You were completely stuffed.

You visited 5 branches of the dungeon, and saw 21 of its levels.

You collected 1337 gold pieces.

Inventory:

Hand weapons
 n - a +0 short sword
 A - a +2 dagger of protection
 D - a +1 great sword of electrocution
 E - a +2 short sword of electrocution
 F - a +3 dagger of pain
 V - a +3 long sword
Missiles
 h - 7 javelins (quivered)
Armour
 s - a +2 robe of resistance (worn)
 x - a +2 helmet (worn)
 X - a +1 pair of boots (worn)
Magical staves
 e - an uncursed staff of earth
 v - an uncursed staff of fire (weapon)
Rods
 a - a +0 rod of the swarm (11/11)
   (You found it on level 2 of the Lair of Beasts)
Jewellery
 d - a +5 ring of evasion (right hand)
 q - a +2 ring of protection (left hand)
 y - an uncursed ring of protection from fire
 N - an uncursed ring of poison resistance {unknown}
 Q - an amulet of the gourmand (around neck)
Magical devices
 l - a wand of fireball (4)
 m - a wand of confusion (34)
 r - a wand of lightning (8)
 H - a wand of fireball (3)
 J - a wand of slowing (10)
 P - a wand of digging (24)
 R - a wand of cold (7)
 S - a wand of disintegration (20)
 W - a wand of frost (21)
Scrolls
 i - 6 scrolls of identify
 t - 5 scrolls of magic mapping
 C - a scroll of fog
 G - 2 scrolls of enchant armour
 K - 4 scrolls of teleportation
 L - 2 scrolls of remove curse
 O - 2 scrolls of amnesia
Potions
 g - 2 potions of might
 j - a potion of restore abilities
 o - 2 potions of brilliance
 p - a potion of invisibility
 w - a potion of agility
 z - 4 potions of mutation {unknown}
 B - a potion of cancellation
 Z - a potion of berserk rage {unknown}
Books
 b - a book of Flames

   Spells                             Type                      Level
   a - Flame Tongue                   Conjuration/Fire             1
   b - Throw Flame                    Conjuration/Fire             2
   c - Conjure Flame                  Conjuration/Fire             3
   d - Inner Flame                    Hexes/Fire                   3
   e - Sticky Flame                   Conjuration/Fire             4
   f - Fireball                       Conjuration/Fire             5
 I - a book of Clouds

   Spells                             Type                      Level
   a - Mephitic Cloud                 Conjuration/Poison/Air       3
   b - Conjure Flame                  Conjuration/Fire             3
   c - Poisonous Cloud                Conjuration/Poison/Air       6
   d - Freezing Cloud                 Conjuration/Ice/Air          6
   e - Ring of Flames                 Charms/Fire                  7
 T - a book of Geomancy

   Spells                             Type                      Level
   a - Sandblast                      Earth                        1
   b - Stoneskin                      Transmutation/Earth          2
   c - Passwall                       Transmutation/Earth          3
   d - Stone Arrow                    Conjuration/Earth            3
   e - Petrify                        Transmutation/Earth          4
   f - Lee's Rapid Deconstruction     Earth                        5
 U - a book of the Dragon

   Spells                             Type                      Level
   a - Flight                         Charms/Air                   3
   b - Cause Fear                     Hexes                        4
   c - Bolt of Fire                   Conjuration/Fire             6
   d - Dragon Form                    Transmutation                7
   e - Dragon's Call                  Summoning                    9
Miscellaneous
 k - a box of beasts
Comestibles
 c - 4 bread rations
 f - 4 meat rations
 u - 4 chunks of flesh
 M - 3 slices of pizza
 Y - 24 fruits


   Skills:
 * Level 0.5 Fighting
 - Level 3.0 Short Blades
 + Level 9.9 Dodging
 - Level 2.4 Stealth
 - Level 14.4 Spellcasting
 + Level 12.7 Conjurations
 + Level 12.1 Fire Magic
 - Level 4.1 Air Magic
 + Level 4.1 Earth Magic
 - Level 4.9 Poison Magic
 - Level 9.7 Evocations


You had 5 spell levels left.
You knew the following spells:

 Your Spells              Type           Power        Failure   Level  Hunger
a - Flame Tongue          Conj/Fire      #####        0%          1    None
b - Throw Flame           Conj/Fire      ######       1%          2    None
c - Conjure Flame         Conj/Fire      #######.     1%          3    None
d - Sticky Flame          Conj/Fire      #######.     1%          4    None
e - Shock                 Conj/Air       ####         1%          1    None
f - Sting                 Conj/Pois      ####         1%          1    None
g - Fireball              Conj/Fire      #######...   1%          5    ##.....
h - Mephitic Cloud        Conj/Pois/Air  ######..     1%          3    None
i - Airstrike             Air            #####.....   2%          4    None
j - Bolt of Magma         Conj/Fire/Erth #######...   1%          5    ##.....
k - Iron Shot             Conj/Erth      ######....   4%          6    ####...


Dungeon Overview and Level Annotations

Branches:
Dungeon (11/15)            Temple (1/1) D:5            Lair (7/8) D:10
  Swamp (1/5) Lair:3        Snake (1/5) Lair:3
  Slime: Lair:6-8       Orc: D:9-12

Altars:
Ashenzari
Cheibriados
Dithmenos
Elyvilon
Fedhas
Gozag
Kikubaaqudgha
Makhleb
Nemelex Xobeh
Okawaru
Qazlal
Ru
Sif Muna
Trog
Vehumet
Xom
Yredelemnul
Zin
The Shining One
Beogh

Shops:
D:6 (   D:8 :

Annotations:
Lair:2 exclusion: downstairs


Message History

The death yak burns!
The death yak is engulfed in roaring flames.
Casting: Flame Tongue
Confirm with . or Enter, or press ? or * to list all spells.
Aiming: Bolt of Magma
Press: ? - help, Shift-Dir - straight line, f - death yak, p - death yak
Aim: a death yak (hasn't noticed you)
You feel a surge of power!
The bolt of magma hits the death yak.
The death yak is moderately wounded.
The bolt of magma hits the fungus.
The fungus is heavily damaged.
The death yak burns!
The death yak gores you!!
The death yak is engulfed in roaring flames.
The death yak gores you!!
Read which item? (? for menu, Esc to quit)
Okay, then.
The death yak burns!
The death yak is engulfed in roaring flames.
The death yak burns!
The death yak gores you!!
You die...

##.#.....P..P.##.........# ...
####.......[....#.....(.. ##..
........Y...PP.###...... #...
..##........P...##.....#### #...
.........###.....#.....##.#####..
#.##......# #.#####....P..P.P.P..
. #.....#########...............
.###....P#..#Y.P#...............
..........Y..ยง.Y@................
...#P.##..###....##..#.#..######
##.### #### #########.#.### # #
#####


You could see 3 death yaks.

Vanquished Creatures
  Maud (Lair:6)
  7 hydras
  A death yak (Lair:6)
  2 catoblepae
  A hill giant (D:10)
  The ghost of Gronka the Covered, an experienced MiFi (D:7)
  An ugly thing (D:10)
  A phantasmal warrior (D:10)
  4 elephants
  14 black mambas
  11 spiny frogs
  A torpor snail (Lair:5)
  3 komodo dragons
  2 fire drakes
  A spriggan druid (Lair:4)
  A freezing wraith (D:10)
  10 blink frogs
  2 trolls
  A shadow (D:10)
  2 basilisks (Lair:3)
  7 hippogriffs
  21 yaks
  8 wolves
  A swamp worm (Swamp:1)
  8 water moccasins
  10 porcupines
  5 orc warriors (D:10)
  8 ice beasts
  6 sky beasts
  3 black bears
  3 ogres
  13 crocodiles
  3 boggarts (D:10)
  A big kobold (D:8)
  A brain worm (D:11)
  5 centaurs
  16 giant frogs
  A gnoll sergeant (D:8)
  6 killer bees
  7 scorpions
  9 wights
  2 electric eels (Lair:5)
  2 goliath beetles
  9 crimson imps
  13 hounds
  5 orc priests
  A giant frog zombie (D:7)
  2 centaur skeletons
  4 centaur zombies
  4 jellies
  10 orc wizards
  7 worker ants
  13 iguanas
  18 sheep
  A hound zombie (D:9)
  The ghost of ConnectionFaild the Charlatan, a weakling SpAr (D:3)
  A worker ant zombie (D:8)
  4 gnolls (D:8)
  30 adders
  2 giant mites
  53 river rats
  2 shadow imps (D:5)
  A worm (D:2)
  4 adder skeletons
  An adder zombie (D:10)
  11 giant geckos
  An ooze (D:1)
  58 orcs
  5 giant cockroaches
  7 goblins
  12 hobgoblins
  19 jackals
  16 quokkas
  A ball python (D:1)
  15 bats
  5 giant newts
  A giant spore (D:8)
  16 kobolds
  12 rats
  A ballistomycete (D:6)
  A fungus (Lair:4)
  A plant (Lair:5)
581 creatures vanquished.

Vanquished Creatures (others)
  A giant spore (D:6)
  A fungus (Lair:5)
  A plant (D:10)
3 creatures vanquished.

Grand Total: 584 creatures vanquished

Notes
Turn   | Place    | Note
--------------------------------------------------------------
     0 | D:1      | ketsa, the Deep Elf Fire Elementalist, began the quest for the Orb.
     0 | D:1      | Reached XP level 1. HP: 10/10 MP: 5/5
   418 | D:1      | Reached XP level 2. HP: 15/15 MP: 3/8
   465 | D:1      | Learned a level 2 spell: Throw Flame
   938 | D:1      | Reached XP level 3. HP: 5/19 MP: 0/11
  2126 | D:2      | Reached skill level 4 in Spellcasting
  2412 | D:2      | Learned a level 3 spell: Conjure Flame
  2544 | D:2      | Reached XP level 4. HP: 21/24 MP: 15/15
  2898 | D:3      | Noticed ConnectionFaild's ghost (weakling SpAr)
  2905 | D:3      | Killed ConnectionFaild's ghost
  3457 | D:3      | Reached XP level 5. HP: 26/28 MP: 14/18
  3645 | D:3      | Reached skill level 5 in Spellcasting
  4140 | D:5      | Entered Level 5 of the Dungeon
  4142 | D:5      | Noticed an ice beast
  4309 | D:3      | Reached XP level 6. HP: 28/32 MP: 18/21
  4395 | D:5      | Noticed a sky beast
  4401 | D:5      | Killed a sky beast
  4423 | D:5      | Killed an ice beast
  4423 | D:5      | Reached skill level 6 in Spellcasting
  4423 | D:5      | Reached skill level 5 in Conjurations
  4533 | D:5      | Noticed a centaur
  4541 | D:5      | Killed a centaur
  4541 | D:5      | Reached XP level 7. HP: 31/36 MP: 21/24
  4639 | D:5      | Found a staircase to the Ecumenical Temple.
  4959 | D:5      | Noticed an ice beast
  4963 | D:5      | Killed an ice beast
  4963 | D:5      | Reached skill level 5 in Fire Magic
  5406 | D:5      | Noticed a sky beast
  5411 | D:5      | Killed a sky beast
  5411 | D:5      | Reached skill level 1 in Short Blades
  5796 | D:5      | Noticed an ogre
  5810 | D:5      | Killed an ogre
  6080 | D:5      | Reached XP level 8. HP: 41/41 MP: 18/25
  6121 | D:5      | Learned a level 4 spell: Sticky Flame
  6321 | D:6      | Reached skill level 7 in Spellcasting
  6495 | Temple   | Entered the Ecumenical Temple
  6625 | Temple   | Became a worshipper of Vehumet
  6878 | D:6      | Found Afig Ilu's Weapon Shoppe.
  7666 | D:7      | Acquired Vehumet's first power
  7666 | D:7      | Offered knowledge of Shock by Vehumet.
  7669 | D:7      | Learned a level 1 spell: Shock
  7945 | D:7      | Reached skill level 8 in Spellcasting
  8578 | D:7      | Reached XP level 9. HP: 38/45 MP: 18/29
  8584 | D:7      | Reached skill level 1 in Air Magic
  8597 | D:7      | Noticed Gronka's ghost (experienced MiFi)
  9049 | D:7      | Reached skill level 9 in Spellcasting
  9251 | D:7      | Killed Gronka's ghost
  9995 | D:8      | Found Muehopir's Book Shoppe.
 10019 | D:8      | Offered knowledge of Sting by Vehumet.
 10023 | D:8      | Learned a level 1 spell: Sting
 10029 | D:8      | Learned a level 5 spell: Fireball
 10294 | D:8      | Reached skill level 1 in Evocations
 11333 | D:8      | Offered knowledge of Mephitic Cloud by Vehumet.
 11338 | D:8      | Learned a level 3 spell: Mephitic Cloud
 11485 | D:8      | Reached skill level 10 in Spellcasting
 11643 | D:8      | Reached XP level 10. HP: 38/50 MP: 26/31
 12131 | D:9      | Reached skill level 1 in Poison Magic
 12598 | D:9      | Found a glowing golden altar of the Shining One.
 12668 | D:9      | Acquired Vehumet's second power
 13011 | D:10     | Entered Level 10 of the Dungeon
 13253 | D:10     | Found a staircase to the Lair.
 13381 | D:10     | Offered knowledge of Airstrike by Vehumet.
 13708 | D:10     | Noticed a hill giant
 13719 | D:10     | Killed a hill giant
 13725 | D:10     | Reached skill level 10 in Conjurations
 13731 | D:10     | Learned a level 4 spell: Airstrike
 14077 | D:10     | Reached skill level 5 in Evocations
 14137 | D:10     | Acquired Vehumet's third power
 14138 | D:10     | Reached skill level 11 in Spellcasting
 14139 | D:10     | Offered knowledge of Iskenderun's Battlesphere by Vehumet.
 14288 | D:10     | Found a roughly hewn altar of Beogh.
 14435 | D:10     | Noticed a catoblepas
 14435 | D:10     | Reached XP level 11. HP: 54/54 MP: 23/33
 14451 | D:10     | Killed a catoblepas
 15169 | Lair:1   | Entered Level 1 of the Lair of Beasts
 15255 | Lair:1   | Noticed a four-headed hydra
 15259 | Lair:1   | Killed a four-headed hydra
 15787 | Lair:1   | Offered knowledge of Bolt of Magma by Vehumet.
 16282 | Lair:1   | Reached skill level 12 in Spellcasting
 16310 | Lair:1   | Learned a level 5 spell: Bolt of Magma
 16432 | Lair:1   | Reached skill level 10 in Fire Magic
 16566 | D:10     | Noticed a phantasmal warrior
 16569 | D:10     | Reached skill level 5 in Dodging
 16570 | D:10     | Killed a phantasmal warrior
 17553 | Lair:1   | Noticed a five-headed hydra
 17622 | D:10     | Killed a five-headed hydra
 18041 | Lair:1   | Reached XP level 12. HP: 50/59 MP: 22/35
 19386 | Lair:3   | Noticed a six-headed hydra
 19772 | Lair:3   | Killed a six-headed hydra
 20159 | Lair:3   | Noticed a five-headed hydra
 20163 | Lair:3   | Killed a five-headed hydra
 20508 | Lair:3   | Reached skill level 13 in Spellcasting
 20560 | Lair:3   | Found a staircase to the Swamp.
 20580 | Lair:3   | Found a staircase to the Snake Pit.
 21593 | Snake:1  | Entered Level 1 of the Snake Pit
 21767 | Swamp:1  | Entered Level 1 of the Swamp
 22230 | Lair:4   | Reached XP level 13. HP: 63/63 MP: 11/36
 22468 | Lair:4   | Found a shadowy altar of Dithmenos.
 23945 | Lair:5   | Reached skill level 1 in Earth Magic
 24250 | Lair:5   | Reached skill level 14 in Spellcasting
 24785 | Lair:5   | Offered knowledge of Iron Shot by Vehumet.
 24793 | Lair:5   | Learned a level 6 spell: Iron Shot
 26229 | Lair:6   | Upgraded the game from 0.16-a0-3652-g8567522 to 0.16-a0-3668-g5d42bd4
 26399 | Lair:6   | Noticed Maud
 26407 | Lair:6   | Killed Maud
 27108 | Lair:6   | Slain by a death yak

Action                   |  1- 3 |  4- 6 |  7- 9 | 10-12 | 13-15 || total
-------------------------+-------+-------+-------+-------+-------++-------
Melee: Unarmed           |    19 |       |       |       |       ||    19
       Short sword       |    11 |    14 |       |       |       ||    25
       Dagger            |       |     2 |    57 |       |       ||    59
       Staff             |       |       |     3 |     6 |    15 ||    24
 Cast: Flame Tongue      |    74 |    49 |   264 |   305 |    37 ||   729
       Throw Flame       |     8 |    30 |    62 |   153 |   122 ||   375
       Conjure Flame     |     1 |     3 |    21 |    28 |     4 ||    57
       Shock             |       |       |    40 |    80 |       ||   120
       Fireball          |       |       |     4 |    90 |    24 ||   118
       Sting             |       |       |     2 |     1 |     1 ||     4
       Sticky Flame      |       |       |     1 |    27 |    26 ||    54
       Airstrike         |       |       |       |     1 |       ||     1
       Bolt of Magma     |       |       |       |     4 |    24 ||    28
       Mephitic Cloud    |       |       |       |     1 |     6 ||     7
       Iron Shot         |       |       |       |       |    13 ||    13
Evoke: Wand              |       |       |       |     1 |       ||     1
  Use: Potion            |     2 |       |     3 |     8 |       ||    13
       Scroll            |       |       |     7 |    20 |       ||    27
 Stab: Sleeping          |     1 |       |       |       |       ||     1
  Eat: Chunk             |     4 |     5 |    10 |    53 |    19 ||    91
       Beef jerky        |     1 |       |     1 |       |       ||     2
       Pizza             |       |       |     1 |       |       ||     1
       Meat ration       |       |       |     2 |       |       ||     2
